Map: Magma Mines

Players

Gracz

  • Race: Terran Terran

Retsech

  • Race: Terran Terran

A.I. 2 (Hard) - Winner!

  • Race: Terran Terran

A.I. 3 (Hard) - Winner!

  • Race: Terran Terran

VOD

Have the link to the VOD?

Description

Time

  • Played on: Aug. 25, 2016, 3:11 p.m.
  • Length: 8:26
Show
View Real Time Build Order
Export as new Build Order

Gracz Terran 

Build Orders:  

Get SALT Encoding   

  12  0:08  SCV  
  13  0:20  SCV  
  14  0:30  Supply Depot  
  14  0:33  Refinery, SCV  
  15  0:52  SCV  
  16  1:07  SCV  
  17  1:14  Barracks  
  17  1:19  SCV  
  18  1:26  Refinery  
  18  1:31  SCV  
  19  1:34  Supply Depot  
  19  1:43  SCV  
  20  1:55  SCV  
  21  2:05  Barracks  
  21  2:07  SCV  
  22  2:10  Supply Depot  
  22  2:19  SCV  
  23  2:32  SCV  
  23  2:35  Command Center  
  24  2:45  Orbital Command  
  24  2:57  Barracks Reactor  
  24  2:58  Barracks Reactor  
  24  3:18  SCV  
  25  3:30  SCV  
  26  3:38  Barracks  
  26  3:49  Barracks  
  26  4:08  Refinery  
  26  4:14  Orbital Command  
  26  4:33  Barracks  
  26  4:36  Barracks Reactor  
  26  4:48  Barracks  
  26  4:49  Barracks Reactor  
  26  5:03  Refinery, SCV  
  27  5:15  SCV  
  27  5:20  Engineering Bay  
  28  5:21  Engineering Bay  
  28  5:27  SCV  
  29  5:39  SCV  
  30  5:51  SCV  
  30  5:52  Factory  
  31  6:02  Barracks Reactor  
  31  6:04  Barracks Reactor  
  31  6:56  Marine x10  
  31  6:57  Marine x2  
  43  7:14  Marine x12  
  53  7:31  Marine  
  53  7:32  Marine x11  
  55  7:49  Marine  
  55  7:50  Marine x11  
  67  8:07  Marine  
  67  8:08  Marine x9  
Show
View Real Time Build Order
Export as new Build Order

Retsech Terran 

Build Orders: Command Center First (CC), MMM Bio 

Get SALT Encoding   

  12  0:14  SCV  
  13  0:22  Supply Depot  
  13  0:26  SCV  
  14  0:38  SCV  
  15  0:49  Refinery  
  15  0:50  SCV  
  16  1:02  SCV  
  17  1:14  SCV  
  18  1:26  SCV  
  18  1:28  Refinery  
  18  1:30  Command Center  
  19  1:37  Supply Depot  
  19  1:38  SCV  
  20  1:50  SCV  
  21  2:02  SCV  
  22  2:15  SCV  
  23  2:31  Barracks  
  23  2:41  Barracks  
  23  2:42  SCV  
  24  2:45  Refinery  
  24  2:54  SCV  
  25  3:02  Engineering Bay  
  25  3:06  SCV  
  26  3:14  Supply Depot  
  26  3:18  SCV  
  27  3:22  Orbital Command  
  27  3:30  SCV  
  28  3:37  Supply Depot  
  28  3:38  Marine x2  
  30  3:42  SCV  
  30  3:45  Refinery  
  31  3:54  SCV  
  32  3:56  Marine x2  
  34  4:06  SCV  
  35  4:18  SCV  
  36  4:24  Barracks Tech Lab  
  36  4:25  Barracks Tech Lab  
  36  4:26  Terran Infantry Weapons Level 1  
  36  4:31  SCV  
  37  4:55  Factory  
  37  4:58  SCV  
  38  5:10  SCV  
  38  5:14  Supply Depot  
  39  5:15  Supply Depot  
  39  5:16  Combat Shields  
  39  5:18  Stimpack  
  39  5:20  Marine  
  39  5:21  Marine  
  41  5:22  SCV  
  42  5:34  SCV  
  43  5:38  Marine x2  
  43  5:40  Factory, Factory Tech Lab  
  45  5:47  SCV  
  46  5:56  Marine x2  
  48  5:58  Siege Tank  
  51  6:12  Orbital Command  
  51  6:14  Marine  
  51  6:15  Marauder  
  54  6:23  Factory Tech Lab  
  54  6:30  Siege Tank  
Show
View Real Time Build Order
Export as new Build Order

A.I. 2 (Hard) Terran - Winner!

Build Orders: MMM Bio 

Get SALT Encoding   

  12  0:01  SCV  
  13  0:13  SCV  
  14  0:20  Supply Depot  
  14  0:25  SCV  
  15  0:41  SCV  
  16  0:43  Barracks  
  16  0:49  Refinery  
  16  0:53  SCV  
  17  1:06  SCV  
  18  1:18  SCV  
  19  1:21  Supply Depot  
  19  1:30  SCV  
  19  1:31  Marine  
  21  1:44  Barracks, Orbital Command  
  21  1:49  Marine  
  21  1:50  Refinery  
  22  2:09  Barracks Tech Lab, Supply Depot  
  22  2:27  Marine  
  23  2:35  Marine  
  24  2:43  Supply Depot  
  24  2:45  Marine  
  25  2:53  Marine  
  26  3:02  Marine  
  27  3:11  Marine  
  28  3:18  Supply Depot, SCV  
  29  3:21  Marauder  
  31  3:29  Marine  
  31  3:30  SCV  
  31  3:31  Engineering Bay  
  33  3:42  Marine, SCV  
  35  3:54  SCV  
  36  4:00  Marauder  
  38  4:06  SCV  
  39  4:18  SCV  
  39  4:21  Marauder  
  42  4:43  Marauder  
  44  5:04  Marauder  
  46  5:26  Marauder  
  48  6:05  Barracks Tech Lab  
  48  6:06  Terran Infantry Weapons Level 1, Stimpack  
  48  6:09  Factory  
  48  6:12  Factory  
  48  6:15  Supply Depot  
  48  6:16  Missile Turret  
  48  6:17  Missile Turret  
  48  6:18  Command Center  
  48  6:23  Combat Shields, Barracks  
  48  6:34  Marine  
  48  6:39  Bunker  
  39  6:41  Supply Depot  
  39  6:42  Marine  
  36  6:52  Marine  
  35  6:55  Factory Tech Lab x2  
  35  6:59  Starport  
  35  7:00  Marine  
  36  7:04  Starport  
  36  7:09  Marine  
  37  7:17  Cyclone  
  41  7:26  Marine  
  42  7:30  SCV  
  42  7:32  SCV  
  42  7:34  Marine  
  43  7:41  Refinery  
  43  7:42  SCV  
  43  7:43  Marine  
  45  7:44  SCV  
  45  7:45  Missile Turret  
  46  7:51  Marine  
  46  7:53  Missile Turret  
  46  7:55  Refinery, SCV, Starport Tech Lab  
  46  7:56  Starport Tech Lab, SCV, Sensor Tower  
  48  8:00  Marauder  
  46  8:07  SCV  
  46  8:10  SCV  
Show
View Real Time Build Order
Export as new Build Order

A.I. 3 (Hard) Terran - Winner!

Build Orders: MMM Bio 

Get SALT Encoding   

  12  0:01  SCV  
  13  0:13  SCV  
  14  0:20  Supply Depot  
  14  0:25  SCV  
  15  0:41  SCV  
  16  0:47  Barracks  
  16  0:49  Refinery  
  16  0:53  SCV  
  17  1:06  SCV  
  18  1:18  SCV  
  19  1:19  Supply Depot  
  19  1:30  SCV  
  20  1:33  Marine  
  21  1:41  Barracks  
  21  1:42  Orbital Command  
  21  1:48  Refinery  
  21  1:51  Barracks Tech Lab  
  21  2:07  Supply Depot  
  21  2:10  Marine  
  22  2:28  Marauder  
  24  2:31  Marine  
  25  2:39  Supply Depot  
  25  2:49  Marine  
  26  2:53  Marine  
  27  3:07  Marauder  
  27  3:11  Marine  
  30  3:14  Supply Depot, SCV  
  31  3:26  SCV  
  32  3:29  Marauder  
  32  3:31  Engineering Bay  
  32  3:32  Marine  
  35  3:38  SCV  
  36  3:49  Marine  
  36  3:50  SCV  
  36  3:53  Marine  
  39  4:02  SCV  
  40  4:07  Marine  
  41  4:14  SCV  
  42  4:26  Marauder  
  44  4:47  Marauder  
  46  5:08  Marauder  
  48  6:22  Barracks Tech Lab, Marine  
  48  6:23  Factory, Terran Infantry Weapons Level 1, Stimpack  
  49  6:27  Factory, Command Center  
  49  6:30  Missile Turret  
  49  6:33  Ghost Academy  
  49  6:36  Missile Turret  
  49  6:38  Supply Depot  
  49  6:39  Combat Shields  
  49  6:40  Marine  
  49  6:41  Barracks  
  50  6:59  Bunker  
  50  7:02  Ghost  
  52  7:09  Factory Tech Lab  
  52  7:13  Starport  
  52  7:16  Starport  
  52  7:17  Factory Tech Lab  
  52  7:22  Sensor Tower  
  52  7:31  Marine  
  52  7:39  SCV  
  52  7:41  SCV  
  54  7:44  Missile Turret  
  54  7:46  Missile Turret  
  54  7:50  Armory  
  54  7:51  SCV  
  54  7:53  SCV  
  54  7:54  Barracks Reactor, Refinery, Starport Tech Lab  
  54  7:57  Refinery  
  54  7:58  Starport Tech Lab  
  56  8:03  SCV  
  56  8:05  SCV  
  58  8:06  Bunker  
Tags
 
Add a new tag
Caveats
  • Supply blocks, unpowered buildings, or Contaminate may cause inaccurate times.
  • Supply counts are checked every 10 seconds.